 Seeded DCSS version 0.30.1-9-gdf580d7c3d (webtiles) character file.

Game seed: 6351066067085065685 (custom seed)

1 Esekla the Magician (level 1, 0/10 HPs)
             Began as a Deep Elf Wanderer on Oct 2, 2023.
             Slain by a goblin
             ... wielding a +0 dagger
              (4 damage)
             ... on level 2 of the Dungeon.
             The game lasted 00:03:19 (408 turns).

Esekla the Magician (Deep Elf Wanderer)              Turns: 408, Time: 00:03:19

Health: 0/10       AC:  2    Str: 11    XL:     1   Next: 16%
Magic:  7/7        EV: 10    Int: 17    God:
Gold:   20         SH:  3    Dex: 11    Spells: 6/8 levels left

rFire   . . .        a - +0 short sword
rCold   . . .        d - +0 buckler
rNeg    . . .        c - +0 robe
rPois   .            (no helmet)
rElec   .            (no cloak)
rCorr   .            (no gloves)
SInv    .            (no boots)
Will    .....        (no amulet)
Stlth   ++           (no ring)
HPRegen 0.21/turn    (no ring)
MPRegen 0.10/turn

%: no passive effects
@: no status effects
A: no striking features
a: no special abilities


You were on level 2 of the Dungeon.
You visited 1 branch of the dungeon, and saw 2 of its levels.

You collected 20 gold pieces.

Inventory:

Hand Weapons
 a - a +0 short sword (weapon)
Armour
 c - a +0 robe (worn)
 d - a +0 buckler (worn)
Scrolls
 f - a scroll of fear {unknown}
 g - 3 scrolls of identify {unknown}
Potions
 b - a potion of lignification
 e - a potion of ambrosia {unknown}


   Skills:
 + Level 1.2 Stealth
 + Level 1.5 Shields
 + Level 4.4 Spellcasting
 + Level 0.2 Conjurations
 + Level 2.1 Translocations
 + Level 1.0 Invocations


You had 6 spell levels left.
You knew the following spells:

 Your Spells              Type           Power      Damage    Failure   Level
a - Magic Dart            Conj           16%        1d3       21%         1
p - Apportation           Tloc           22%        N/A       9%          1

Your spell library contained the following spells:

 Spells                   Type           Power      Damage    Failure   Level
 Blink                    Tloc           22%        N/A       14%         2
 Lesser Beckoning         Tloc           22%        N/A       14%         2
 Ignite Poison            Fire/Tmut/Pois 3%         N/A       54%         3
 Vampiric Draining        Necr           3%         2d6       54%         3


Dungeon Overview and Level Annotations

Branches:
Dungeon (1/15)

Altars:

Shops:
D:2 =


Message History

You can access your shopping list by pressing '$'.
A sourceless malevolence fills the Dungeon... and a teleportation trap spontaneously manifests!
You are yanked towards a nearby monster!
Your surroundings suddenly seem different.
A gnoll comes into view. It is wielding a +0 spear.
Found a stone staircase leading up.
A frilled lizard comes into view.
The frilled lizard hisses angrily.
Casting: Apportation (safe; 9% risk of failure)
Confirm with . or Enter, or press ? or * to list all spells.
Aiming: Magic Dart (safe; 22% risk of failure)
Press: ? - help, Shift-Dir - straight line, f - frilled lizard
Aim: a frilled lizard (100% to hit)
The magic dart hits the frilled lizard.
The frilled lizard is heavily wounded.
Casting: Magic Dart (safe; 22% risk of failure)
Confirm with . or Enter, or press ? or * to list all spells.
Aiming: Magic Dart (safe; 22% risk of failure)
Press: ? - help, Shift-Dir - straight line, f/p - frilled lizard
Aim: a frilled lizard (heavily wounded, 100% to hit)
The magic dart hits the frilled lizard.
You kill the frilled lizard!
You see here a frilled lizard corpse.
The goblin zaps a wand.
The roots erupt in riotous growth!
The grasping roots grab you! The grasping roots constrict you.
You hear a shout! x3
You escape the roots grasp.
An adder comes into view.
The goblin zaps a wand.
The roots erupt in riotous growth!
The grasping roots grab you!
The goblin is unaffected.
The grasping roots constrict you.
You barely miss the goblin. You block the goblin's attack.
The grasping roots constrict you.
The grasping roots release their grip on you.
You hit the goblin but do no damage. The goblin misses you.
You barely miss the goblin.
A gnoll comes into view. It is wielding a +0 club.
The goblin hits you with a +0 dagger.
You die...

#. #......[...
#.##..#..#####... #.
#... ......#..# #...
.###..# #.......∩#
#... .....# ..####.##
##.. ....####..####.#
#... ...............#
#... #..S...g......#
....#..
#.#####.####@.#######
####...
#.............# ##..
#######.####..# #.#
#.##....# #.
#######.##<....# #.
#.......####^#.....
#†####### #.#..###
#.# #g#..# #.# #.# .#


You could see a gnoll, an adder and a goblin.

Vanquished Creatures
  A frilled lizard (D:2)
  A kobold (D:1)
2 creatures vanquished.

Notes
Turn   | Place    | Note
-------+----------+-------------------------------------------
     0 | D:1      | Esekla the Deep Elf Wanderer began the quest for the Orb.
     0 | D:1      | Esekla set off with the following items: a +0 club, a
                  | potion of lignification, a +0 robe, a +0 buckler; and the
                  | following spells available to memorise: Apportation, Blink,
                  | Lesser Beckoning, Magic Dart, Ignite Poison, Vampiric
                  | Draining.
     0 | D:1      | Reached XP level 1. HP: 10/10 MP: 7/7
     2 | D:1      | Learned a level 1 spell: Magic Dart
     4 | D:1      | Learned a level 1 spell: Apportation
   253 | D:1      | You fall into a shaft and drop 1 floor!
   362 | D:2      | Found Renulab's Jewellery Shop.
   408 | D:2      | Slain by a goblin

Illustrated notes

Levels and vault maps discovered:
D:1:      sevenhm_arrival_forest_fort_small_3, layout_rooms,
          chequers_serial_rivers_room_b, minmay_misc_feat_five
D:2:      layout_loops_ring, dreamdust_ecumenical_altar_angels_and_demons,
          serial_shops, shop

Action                     || total
---------------------------++-------
  Melee: Short sword       ||     3
   Cast: Magic Dart        ||     4
         Apportation       ||     3
  Dodge: Dodged            ||     1
  Block: Buckler           ||     2
